AoeStats
← Samta

Arabia

510129065Analyzed
1v1 RM · 22h ago on Sep 29, 2026· 20m 40s· 2 players
Game mode
Random Map
Map size
Tiny (2 player)
Population
200
Speed
Normal
Resources
Standard
Victory
Conquest
Starting age
Dark Age
Ending age
Imperial Age
RankedLock teamsTeams togetherTeam positionsShared explorationLock speedFull tech treeHidden civsTurbo modeCheats
Victory
Defeat
🇬🇧 Franks · United Kingdom
1116
+15
🇮🇹 Saracens · Italy
1100
-15
Elficovich
7:00 Loom
9:52 Feudal Age
10:28 Double-Bit Axe
12:59 Fletching
20:41 Castle Age
19:18 Gold Mining
20:44 Padded Archer Armor
Samta
7:11 Loom
10:53 Feudal Age
11:25 Double-Bit Axe
13:44 Wheelbarrow
Connection lost

Rejoining the realm…

Still unreachable

The connection could not be restored.

Session expired

The server has moved on; the page needs a fresh start.